 Dungeon Crawl Stone Soup version 0.22-a0-135-g6f012ad (webtiles) character file.

163 mortelune the Firebug (level 5, 0/38 HPs)
             Began as a Draconian Fire Elementalist on Jan 26, 2018.
             Slain by a scorpion (7 damage)
             ... on level 2 of the Dungeon on Feb 1, 2018.
             The game lasted 00:05:55 (2890 turns).

mortelune the Firebug (Draconian Fire Elementalist) Turns: 2890, Time: 00:05:56

Health: 0/38       AC:  5    Str: 11    XL:     5   Next: 20%
Magic:  0/9        EV: 12    Int: 16    God:
Gold:   68         SH:  0    Dex: 11    Spells: 4/10 levels left

rFire    . . .     SeeInvis .   c - +0 mace
rCold    . . .     Gourm    .   (no shield)
rNeg     . . .     Faith    .   (armour unavailable)
rPois    .         Spirit   .   (helmet restricted)
rElec    .         Reflect  .   (no cloak)
rCorr    .         Harm     .   (no gloves)
MR       .....                  (no boots)
Stlth    ++........             (no amulet)
HPRegen  0.12/turn              (no ring)
MPRegen  0.11/turn              (no ring)

@: lethally poisoned (0 -> -10), very slightly contaminated
A: unfitting armour, cold-blooded, AC +5
a: no special abilities


You were on level 2 of the Dungeon.
You were near starving.

You visited 1 branch of the dungeon, and saw 2 of its levels.

You collected 68 gold pieces.

Inventory:

Hand Weapons
 c - a +0 mace (weapon)
Scrolls
 d - a scroll of identify {unknown}
Potions
 e - a potion of resistance {unknown}
 f - a potion of agility {unknown}
 g - a potion of might {unknown}
 i - 2 potions of invisibility {unknown}
Books
 a - a book of Flames

   Spells                             Type                      Level
   a - Flame Tongue                   Conjuration/Fire             1
   b - Throw Flame                    Conjuration/Fire             2
   c - Conjure Flame                  Conjuration/Fire             3
   d - Inner Flame                    Hexes/Fire                   3
   e - Sticky Flame                   Conjuration/Fire             4
   f - Fireball                       Conjuration/Fire             5
Comestibles
 b - 3 rations


   Skills:
 - Level 1.7 Dodging
 - Level 1.7 Stealth
 + Level 3.0 Spellcasting
 * Level 3.6 Conjurations
 + Level 3.9 Fire Magic


You had 4 spell levels left.
You knew the following spells:

 Your Spells              Type           Power        Failure   Level  Hunger
a - Flame Tongue          Conj/Fire      ##...        4%          1    #......
b - Throw Flame           Conj/Fire      ##....       6%          2    ##.....
c - Conjure Flame         Conj/Fire      ##......     12%         3    ###....


Dungeon Overview and Level Annotations

Branches:
Dungeon (2/15)

Altars:


Innate Abilities, Weirdness & Mutations

Your plain brown scales are hard. (AC +5)
You cannot fit into any form of body armour.
You are cold-blooded and may be slowed by cold attacks.


Message History

Casting: Flame Tongue (safe; 4% risk of failure)
Confirm with . or Enter, or press ? or * to list all spells.
Aiming: Flame Tongue (safe; 4% risk of failure)
Press: ? - help, Shift-Dir - straight line, f/p - scorpion
Aim: a scorpion (severely wounded)
The flame tongue hits the scorpion.
The scorpion is almost dead.
* * * LOW HITPOINT WARNING * * *
You feel sick. The scorpion stings you.
* * * LOW HITPOINT WARNING * * *
Casting: Flame Tongue (safe; 4% risk of failure)
Confirm with . or Enter, or press ? or * to list all spells.
Aiming: Flame Tongue (safe; 4% risk of failure)
Press: ? - help, Shift-Dir - straight line, f/p - scorpion
Aim: a scorpion (almost dead)
The flame tongue hits the scorpion.
The scorpion is almost dead.
* * * LOW HITPOINT WARNING * * *
You feel sick. The scorpion stings you!
You die...

# ###......#######...## ###
###...#...#......#.#.#
....###.###........ ..##.#
..#####.###.......# #.#..##
.................. .......
.##..#......<..... .......
.......##........# .......
##.....#..#......###.......
##...#.#.##..##s@..........
.........##.#######.?......
.#...#.####.###............
.#..##..#).....s####.......
.#..###...$....## .......
............†..# .......
#..............# ######.
#....###........?#
...............#..#


You could see a scorpion.

Vanquished Creatures
  An ogre (D:2)
  Natasha (D:2)
  An adder (D:2)
  2 oozes
  2 dart slugs
  A leopard gecko (D:2)
  2 ball pythons (D:1)
  7 giant cockroaches
  2 hobgoblins
  5 bats
  2 frilled lizards
  3 goblins
  6 kobolds
  5 rats
40 creatures vanquished.

Notes
Turn   | Place    | Note
-------+----------+-------------------------------------------
     0 | D:1      | mortelune the Draconian Fire Elementalist began the quest for the Orb.
     0 | D:1      | Reached XP level 1. HP: 14/14 MP: 3/3
   688 | D:1      | Reached XP level 2. HP: 20/20 MP: 3/5
   692 | D:1      | Learned a level 2 spell: Throw Flame
  1665 | D:1      | Upgraded the game from 0.22-a0-109-gbeb7240 to 0.22-a0-135-g6f012ad
  1736 | D:2      | Reached XP level 3. HP: 22/26 MP: 2/6
  1871 | D:2      | Learned a level 3 spell: Conjure Flame
  1991 | D:2      | Noticed a scorpion
  2406 | D:2      | Noticed an ogre
  2445 | D:2      | Killed an ogre
  2445 | D:2      | Reached XP level 4. HP: 6/33 MP: 0/8
  2445 | D:2      | Reached XP level 5. HP: 7/38 MP: 0/9
  2712 | D:2      | Noticed Natasha
  2721 | D:2      | Killed Natasha
  2890 | D:2      | Slain by a scorpion

Vault maps used:
D:1:      dpeg_arrival_prison
D:2:      ashenzari_conservatory_becter, uniq_natasha

Skill      XL: |  1  2  3  4  5 |
---------------+----------------+-----
Conjurations   | 2 3 |  3.6
Spellcasting   | 3 |  3.0
Dodging        | |  1.7
Stealth        | |  1.7
Fire Magic     | |  3.9

Action                   |  1- 3 |  4- 6 || total
-------------------------+-------+-------++-------
Melee: Mace              |    13 |       ||    13
       Tailslap          |     1 |       ||     1
 Cast: Flame Tongue      |    46 |    17 ||    63
       Throw Flame       |    14 |       ||    14
  Eat: Chunk             |     6 |       ||     6
Armor: Skin              |    10 |       ||    10
Dodge: Dodged            |    17 |     6 ||    23

Table legend:
 A = Spawn XP
 B = Non-spawn XP
 C = Spawn XP percentage of total XP
 D = Spawn monster count
 E = Non-spawn monster count
 F = Spawn count percentage of total count
 G = Total turns spent on level
                    A         B        C        D         E        F      G
               +---------+---------+-------+---------+---------+-------+---------
         Total |       0 |     234 |   0.0 |       0 |      40 |   0.0 |  2890
               +---------+---------+-------+---------+---------+-------+---------
           D:1 |       0 |      40 |   0.0 |       0 |      22 |   0.0 |  2297
           D:2 |       0 |     194 |   0.0 |       0 |      18 |   0.0 |   593
               +---------+---------+-------+---------+---------+-------+---------
